 Dungeon Crawl Stone Soup version 0.28-a0-514-g0d7ab7f379 (webtiles) character file.

Game seed: 15401796552107720801

4502 Rennog the Cleaver (level 10, -10/91 HPs)
             Began as a Hill Orc Fighter on Sept 22, 2021.
             Was an Elder of Okawaru.
             Mangled by a two-headed ogre (15 damage)
             ... on level 8 of the Dungeon.
             The game lasted 00:20:42 (11934 turns).

Rennog the Cleaver (Hill Orc Fighter)              Turns: 11934, Time: 00:20:42

Health: -10/91     AC: 15    Str: 21    XL:     10   Next: 38%
Magic:  13/13      EV:  8    Int:  8    God:    Okawaru [****..]
Gold:   846        SH:  5    Dex: 12    Spells: 9/9 levels left

rFire   . . .      SeeInvis .   a - +0 war axe
rCold   + . .      Faith    .   c - +0 buckler
rNeg    . . .      Spirit   .   F - +3 chain mail {rC+}
rPois   +          Reflect  .   (no helmet)
rElec   .          Harm     .   (no cloak)
rCorr   .          Rampage  .   u - +0 pair of gloves
Will    +....                   (no boots)
Stlth   ..........              (no amulet)
HPRegen 0.25/turn               j - ring of poison resistance
MPRegen 0.13/turn               d - ring of willpower

@: no status effects
A: no striking features
a: Renounce Religion, Heroism, Finesse


You were on level 8 of the Dungeon.
You worshipped Okawaru.
Okawaru was greatly pleased with you.
You visited 2 branches of the dungeon, and saw 9 of its levels.
You also visited: Bailey.

You collected 846 gold pieces.

Inventory:

Hand Weapons
 a - a +0 war axe (weapon)
Missiles
 p - 2 curare-tipped darts
 H - 5 atropa-tipped darts (quivered)
Armour
 b - the +1 leather armour "Zyfod" {rPois Will- Regen+ Dex+7}
   (You found it in a bailey)

   Dex:       It affects your dexterity (+7).
   rPois:     It protects you from poison.
   Regen:     It increases your rate of health regeneration.
   Will:      It decreases your willpower.
 c - a +0 buckler (worn)
 u - a +0 pair of gloves (worn)
 F - a +3 chain mail of cold resistance (worn)
Jewellery
 d - a ring of willpower (right hand)
 j - a ring of poison resistance (left hand)
 l - a ring of resist corrosion
 w - a ring of protection from cold
 y - a ring of magical power
 B - an amulet of faith
Wands
 t - a wand of iceblast (4)
 A - a wand of flame (14)
Scrolls
 f - a scroll of vulnerability {unknown}
 i - a scroll of amnesia {unknown}
 k - a scroll of enchant armour {unknown}
 m - 3 scrolls of teleportation {unknown}
 n - a scroll of blinking
 o - a scroll of summoning {unknown}
 v - 2 scrolls of brand weapon {unknown}
 x - 2 scrolls of noise
 z - a scroll of acquirement {unknown}
 C - 2 scrolls of enchant weapon {unknown}
 D - 2 scrolls of magic mapping {unknown}
 E - a scroll of immolation {unknown}
 G - a scroll of holy word {unknown}
Potions
 h - 3 potions of degeneration
 q - 2 potions of lignification
 r - 2 potions of brilliance
 s - 4 potions of berserk rage


   Skills:
 + Level 9.3 Fighting
 * Level 13.3 Axes
 + Level 8.5 Armour
 - Level 4.0 Shields
 + Level 4.3 Invocations


You had 9 spell levels left.
You didn't know any spells.
Your spell library contained the following spells:

 Spells                   Type           Power      Damage    Failure   Level
 Foxfire                  Conj/Fire      0%         2x1d4     97%         1
 Corpse Rot               Necr/Air       N/A        N/A       99%         2
 Poisonous Vapours        Pois/Air       0%         N/A       99%         2
 Conjure Flame            Conj/Fire      0%         6-21      100%        3
 Inner Flame              Hex/Fire       0%         N/A       100%        3
 Ozocubu's Armour         Ice            0%         N/A       100%        3
 Flame Wave               Conj/Fire      0%         3d3       100%        4
 Metabolic Englaciation   Hex/Ice        0%         N/A       100%        5
 Summon Ice Beast         Ice/Summ       Unusable   N/A       N/A         4
 Summon Mana Viper        Hex/Summ       Unusable   N/A       N/A         5
 Simulacrum               Ice/Necr       Unusable   N/A       N/A         6
 Monstrous Menagerie      Summ           Unusable   N/A       N/A         7

Dungeon Overview and Level Annotations

Branches:
Dungeon (8/15)             Temple (1/1) D:4          Bailey (visited)
   Lair: D:8-11

Altars:
Ashenzari
Cheibriados
Dithmenos
Elyvilon
Fedhas
Gozag
Hepliaklqana
Makhleb
Nemelex Xobeh
Okawaru
Qazlal
Ru
Sif Muna
Trog
Uskayaw
Wu Jian
Yredelemnul
Zin
Jiyva

Shops:
D:1 *   D:5 *

Annotations:
D:2 Sigmund
D:8 Joseph


Message History

* * * LOW HITPOINT WARNING * * *
Joseph shoots a sling bullet.
The sling bullet hits you.
* * * LOW HITPOINT WARNING * * *
You feel better.
Joseph shoots a sling bullet.
The sling bullet hits you!
* * * LOW HITPOINT WARNING * * *
As you read the scroll labelled XAGUOD PARIAT, it crumbles to dust.
You hear a loud clanging noise!
It was a scroll of noise.
You hear two shouts!
Joseph shoots a sling bullet.
The sling bullet hits you but does no damage.
Joseph shoots a sling bullet.
The sling bullet hits you.
* * * LOW HITPOINT WARNING * * *
You feel better.
Joseph shoots a sling bullet.
The sling bullet hits you.
* * * LOW HITPOINT WARNING * * *
You feel better.
Joseph shoots a sling bullet.
The sling bullet hits you.
* * * LOW HITPOINT WARNING * * *
Joseph shoots a sling bullet.
The sling bullet hits you!
* * * LOW HITPOINT WARNING * * *
It was a potion of magic.
Magic courses through your body.
You feel better.
Joseph shoots a sling bullet.
The sling bullet hits you.
* * * LOW HITPOINT WARNING * * *
Joseph shoots a sling bullet.
The sling bullet misses you.
Blink to where?
Press: ? - help, Dir - move target
As you read the scroll labelled TUM FAABLUIZ, it crumbles to dust.
It was a scroll of blinking.
The two-headed ogre shouts in stereo!
The two-headed ogre hits you but does no damage.
The two-headed ogre hits you with a +0 giant club!
* * * LOW HITPOINT WARNING * * *
Joseph unwields a +0 hunting sling.
Joseph wields a +0 quarterstaff.
You block Joseph's attack.
Blink to where?
Press: ? - help, Dir - move target
As you read the scroll of blinking, it crumbles to dust.
The two-headed ogre closely misses you. You block the two-headed ogre's attack.
There is a stone staircase leading up here.
The two-headed ogre hits you with a +0 giant club!
You die...

≈≈..# ###############..........
...(#####>..@....................
###(......##############.........
#.))..##### #####.####
...(.###### .# #........... ..
###.######## ..
....@...########## ...
##..###.§..##.@O@##
##..#####.##.##..## ##.##
#..#.###..### #..## #...# ##...#
##..## #.....####.# ##.)###.###.#
#.## ###.....# ... #..# ##
#....#### #.###.## ......##....#
#......#


You could see Joseph (fast) and a two-headed ogre.

Vanquished Creatures
  A steam dragon (D:8)
  An acid dragon (D:5)
  Edmund (D:4)
  Duvessa (D:6)
  4 orc warriors
  2 sky beasts (D:5)
  3 black bears
  2 necrophages (D:6)
  3 ogres
  5 centaurs
  A phantom (D:5)
  3 kobold brigands
  3 bullfrogs
  A gnoll sergeant (D:6)
  2 scorpions
  A wyvern zombie (D:6)
  2 wyvern skeletons
  A water moccasin skeleton (D:4)
  Dowan (D:6)
  11 wights
  4 howler monkeys
  A bullfrog zombie (D:6)
  4 hounds
  2 jellies
  3 orc priests
  A centaur skeleton (D:7)
  Jessica (D:3)
  6 iguanas
  Ijyb (D:3)
  2 orc wizards
  3 howler monkey zombies
  7 gnolls (D:6)
  6 adders
  2 shadow imps
  A white imp (D:7)
  3 ufetubi (D:5)
  A dart slug (D:1)
  17 orcs
  2 bats
  7 endoplasms
  5 giant cockroaches
  11 goblins
  6 hobgoblins
  4 jackals (D:3)
  2 quokkas
  5 ball pythons
  2 frilled lizards (D:2)
  15 kobolds
  5 rats
178 creatures vanquished.

Notes
Turn   | Place    | Note
-------+----------+-------------------------------------------
     0 | D:1      | Rennog the Hill Orc Fighter began the quest for the Orb.
     0 | D:1      | Reached XP level 1. HP: 19/19 MP: 1/1
    51 | D:1      | Found a faded altar of an unknown god.
    60 | D:1      | Reached skill level 3 in Axes
   112 | D:1      | Reached XP level 2. HP: 27/27 MP: 2/2
   373 | D:1      | Found Hufrij's Assorted Antiques.
   546 | D:2      | Reached XP level 3. HP: 30/33 MP: 3/3
   657 | D:2      | Noticed Sigmund
  1211 | D:2      | Reached skill level 4 in Axes
  1286 | D:3      | Found a hazy altar of Hepliaklqana.
  1301 | D:3      | Noticed Ijyb
  1351 | D:2      | Reached XP level 4. HP: 36/40 MP: 4/4
  1479 | D:3      | Paralysed by Ijyb for 2 turns
  1747 | D:3      | Paralysed by Ijyb for 7 turns
  1763 | D:3      | Killed Ijyb
  1764 | D:3      | Reached XP level 5. HP: 27/47 MP: 5/5
  2177 | D:3      | Found a blossoming altar of Fedhas.
  2232 | D:3      | Noticed Jessica
  2238 | D:3      | Killed Jessica
  2239 | D:3      | Reached skill level 5 in Axes
  2452 | D:3      | Found a burning altar of Makhleb.
  2473 | D:3      | Found a sacrificial altar of Ru.
  2731 | D:3      | HP: 2/47 [orc (7)]
  3199 | D:4      | Found a stormy altar of Qazlal.
  3220 | D:4      | Reached XP level 6. HP: 48/55 MP: 6/6
  3260 | D:4      | Found a staircase to the Ecumenical Temple.
  3316 | D:4      | Reached skill level 5 in Fighting
  3316 | D:4      | Reached skill level 6 in Axes
  3320 | Temple   | Entered the Ecumenical Temple
  3324 | Temple   | Became a worshipper of Warmaster Okawaru
  4132 | D:4      | Noticed Edmund
  4161 | D:4      | Killed Edmund
  4162 | D:4      | Reached skill level 7 in Axes
  4162 | D:4      | Reached skill level 5 in Armour
  4162 | D:4      | Reached XP level 7. HP: 39/61 MP: 7/7
  4840 | D:5      | Entered Level 5 of the Dungeon
  4865 | D:5      | Reached * piety under Okawaru
  5025 | D:5      | Found Quboq's Assorted Antiques.
  5165 | D:5      | Noticed a wraith
  5325 | D:6      | Reached skill level 8 in Axes
  5555 | D:6      | Reached XP level 8. HP: 45/70 MP: 8/8
  5863 | D:6      | Reached skill level 9 in Axes
  5962 | D:6      | Found a shadowy altar of Dithmenos.
  5996 | D:6      | Noticed Dowan
  6046 | D:6      | Killed Dowan
  6046 | D:6      | Reached ** piety under Okawaru
  6599 | D:6      | Noticed Duvessa
  6855 | D:6      | Killed Duvessa
  6856 | D:6      | Reached skill level 10 in Axes
  7158 | D:6      | Reached XP level 9. HP: 29/79 MP: 9/9
  7717 | D:6      | Found an ornate altar of the Wu Jian Council.
  8237 | D:5      | Reached skill level 11 in Axes
  8790 | D:5      | Reached *** piety under Okawaru
  9368 | D:5      | Reached skill level 1 in Invocations
  9449 | D:5      | Reached skill level 12 in Axes
 10347 | D:7      | Noticed a +0 dagger
 10349 | D:7      | Noticed a +0 falchion
 10350 | D:7      | Noticed a +0 falchion
 10350 | D:7      | Noticed a +0 short sword
 10351 | D:7      | Noticed a +0 spear
 10351 | D:7      | Noticed a +0 spear
 10436 | D:7      | Reached XP level 10. HP: 85/86 MP: 12/12
 10686 | D:7      | Reached **** piety under Okawaru
 10768 | D:7      | Noticed a +0 dagger
 10768 | D:7      | Noticed a +0 short sword
 10791 | D:7      | Found a sparkling altar of Nemelex Xobeh.
 10850 | D:7      | Found a hide-covered altar of Uskayaw.
 10979 | D:8      | Noticed a two-headed ogre
 11059 | D:8      | Reached skill level 13 in Axes
 11245 | D:8      | Found a flagged portal.
 11270 | Bailey   | Entered a bailey
 11794 | Bailey   | Found a burning altar of Makhleb.
 11821 | Bailey   | Identified the +1 leather armour "Zyfod" {rPois Will-
                  | Regen+ Dex+7}
 11889 | D:8      | Noticed Joseph
 11920 | D:8      | HP: 4/91 [Joseph/sling bullet (6)]
 11928 | D:8      | HP: 3/91 [two-headed ogre (13)]
 11934 | D:8      | Mangled by a two-headed ogre

Illustrated notes

Levels and vault maps discovered:
D:1:      minmay_arrival_semitransparent, layout_rooms,
          ebering_ecumenical_altar_mist, serial_shops, shop
D:2:      layout_loops_cross, grunt_ministairs_6, uniq_sigmund
D:3:      layout_rooms, mainiacjoe_overflow_24_doors,
          nicolae_overflow_hidden_temple, nicolae_overflow_crystal_walls,
          nicolae_hepliaklqana_hazy_memory, uniq_jessica, uniq_ijyb
D:4:      layout_layer_cave, mainiacjoe_overflow_boulevard,
          minmay_temple_entry_trees, uniq_edmund
D:5:      kennysheep_windowed_halls, layout_rooms, serial_shops, shop
D:6:      layout_rooms, overflow_temple_1_default, overflow_temple_1_default,
          uniq_duvessa
D:7:      layout_rooms, nicolae_uskayaw_en_pointe,
          nemelex_xobeh_ov_fountains_minmay, kennysheep_path_1,
          minmay_strange_pillars
D:8:      layout_rooms, mainiacjoe_overflow_six_doors_small, enter_bailey_4,
          uniq_joseph
Temple:   pf_slimified_temple

Skill      XL: |  1  2  3  4  5  6  7  8  9 10 |
---------------+-------------------------------+-----
Axes           | 3 4 5 7 8 10 12 13 | 13.3
Fighting       | 4 5 6 7 8 9 |  9.3
Armour         | 4 5 6 8 |  8.5
Shields        | 4 |  4.0
Invocations    | 2 4 |  4.3

Action                   |  1- 3 |  4- 6 |  7- 9 | 10-12 || total
-------------------------+-------+-------+-------+-------++-------
Melee: War axe           |    83 |   156 |   402 |   139 ||   780
Throw: Dart              |       |       |       |     1 ||     1
Invok: Heroism           |       |       |     1 |     1 ||     2
Evoke: Wand              |       |       |     4 |       ||     4
  Use: Potion            |       |     1 |       |     5 ||     6
       Scroll            |       |       |       |     8 ||     8
Armor: Scale mail        |    25 |    23 |       |       ||    48
       Chain mail        |       |    68 |   156 |    92 ||   316
Dodge: Dodged            |    40 |    61 |   129 |    61 ||   291
Block: Buckler           |    27 |    34 |    78 |    37 ||   176

Table legend: (Time is in decaauts)
 A = Elapsed time spent in this place.
 B = Non-inter-level travel time spent in this place.
 C = Inter-level travel time spent in this place.
 D = Time resting spent in this place.
 E = Time spent auto-exploring this place.
 F = Levels seen in this place.
 G = Mean time per level.
                   A        B        C        D        E       F      G
               +--------+--------+--------+--------+--------+-----+--------+
         Total |  11987 |  11263 |    724 |   2809 |   6471 |  10 | 1198.7 |
       Dungeon |  11096 |  10393 |    703 |   2367 |   6170 |   8 | 1387.0 |
        Temple |    325 |    304 |     21 |      0 |    296 |   1 |  325.0 |
        Bailey |    565 |    565 |      0 |    442 |      5 |   1 |  565.0 |
               +--------+--------+--------+--------+--------+-----+--------+

Top non-repeatable levels by time:
     D:6: 2556 daAuts
     D:5: 2535 daAuts
     D:4: 1743 daAuts
     D:2: 1273 daAuts
     D:3: 1195 daAuts
     D:7: 846 daAuts
     D:1: 587 daAuts
  Bailey: 565 daAuts
     D:8: 358 daAuts
  Temple: 325 daAuts
